Map: Orbital Shipyard

Players

LilDicky - Winner!

  • Race: Zerg Zerg
  • League: Diamond

Desiyn

  • Race: Terran Terran
  • League: Gold

VOD

http://www.twitch.tv/tumescentpie

Description

Time

  • Played on: Dec. 15, 2015, 11:11 p.m.
  • Length: 30:04
Show
View Real Time Build Order
Export as new Build Order

LilDicky Zerg - Winner!

Build Orders: Hatch First 

Get SALT Encoding   

  12  0:02  Drone  
  13  0:10  Drone  
  14  0:36  Hatchery  
  13  0:56  Drone  
  14  1:05  Extractor  
  14  1:11  Drone  
  14  1:21  Overlord  
  14  1:34  Spawning Pool  
  13  1:45  Hatchery  
  12  1:51  Drone x2  
  12  1:52  Drone  
  15  2:20  Queen x2  
  19  2:25  Drone  
  20  2:37  Drone x2  
  22  2:47  Overlord  
  22  3:04  Queen  
  24  3:09  Lair  
  24  3:10  Drone  
  25  3:17  Queen  
  27  3:42  Queen  
  29  3:48  Drone  
  29  3:49  Drone x5  
  35  4:02  Drone x4  
  39  4:03  Drone  
  40  4:12  Extractor  
  40  4:13  Queen  
  41  4:23  Overlord  
  41  4:38  Spore Crawler, Queen  
  41  4:41  Queen  
  44  4:47  Spore Crawler  
  43  5:09  Queen  
  43  5:13  Queen  
  45  5:14  Extractor  
  45  5:15  Drone, Extractor  
  45  5:16  Drone x4  
  45  5:18  Overlord x2  
  50  5:44  Spore Crawler  
  50  5:47  Overlord  
  50  5:48  Overlord  
  49  5:53  Pneumatized Carapace  
  49  5:56  Drone x8  
  57  5:57  Drone  
  57  6:45  Drone  
  57  6:46  Drone x15  
  73  6:53  Spore Crawler  
  72  7:08  Evolution Chamber x2  
  71  7:10  Infestation Pit  
  71  7:14  Drone x6  
  71  7:15  Drone  
  76  7:38  Queen x2  
  82  7:52  Spore Crawler  
  82  7:55  Hive  
  79  8:00  Extractor x2  
  79  8:01  Drone x3  
  80  8:12  Spire  
  71  9:36  Ultralisk Cavern  
  70  10:09  Overlord x12  
  70  10:10  Overlord  
  70  10:48  Ultralisk  
  70  10:49  Ultralisk x17  
  178  10:53  Zerg Ground Armor Level 1  
  178  10:59  Chitinous Plating  
  177  11:26  Overlord x2  
  177  11:28  Overlord x9  
  146  12:34  Corruptor  
  146  12:35  Corruptor x5  
  146  13:01  Corruptor  
  146  13:02  Corruptor x3  
  117  13:55  Corruptor  
  117  13:56  Corruptor x5  
  89  14:43  Hatchery  
  83  15:14  Hatchery, Ultralisk Cavern  
  81  15:54  Overseer  
  81  15:55  Overseer x5  
  81  16:20  Drone x3  
  84  16:27  Spawning Pool  
  81  17:54  Drone  
  81  17:55  Drone x5  
  87  17:59  Drone  
  87  18:02  Spore Crawler  
  87  18:03  Spine Crawler  
  86  19:07  Extractor x2  
  86  19:09  Extractor  
  83  20:05  Infestor x2  
  83  20:06  Infestor x7  
  101  20:08  Burrow  
  101  20:16  Queen x2  
  99  20:52  Queen  
  101  21:32  Overseer  
  101  22:00  Spore Crawler  
  98  22:02  Spore Crawler  
  98  22:04  Spore Crawler x3  
  85  22:36  Drone x3  
  88  22:54  Spore Crawler  
  88  22:55  Spore Crawler x2  
  85  22:59  Spore Crawler  
  84  23:20  Infestor x5  
  84  23:21  Infestor  
  74  24:17  Drone x9  
  71  24:30  Ultralisk x4  
  68  24:44  Extractor  
  55  25:18  Zergling x2  
  55  25:19  Zergling x26  
  51  25:39  Extractor  
  44  25:52  Spore Crawler x3  
  44  25:54  Spore Crawler  
  44  25:56  Spine Crawler  
  39  26:06  Queen  
  41  26:26  Extractor  
  41  26:30  Spire  
  39  26:39  Drone x3  
  44  26:40  Drone x5  
  47  27:07  Drone x13  
  47  27:08  Drone x7  
  54  28:09  Corruptor x2  
  54  28:10  Corruptor x11  
  79  28:46  Hatchery  
  78  29:12  Zergling x32  
  78  29:13  Zergling x12  
Show
View Real Time Build Order
Export as new Build Order

Desiyn Terran 

Build Orders: Liberator Opening, Mech 

Get SALT Encoding   

  12  0:01  SCV  
  13  0:13  SCV  
  14  0:25  SCV  
  15  0:31  Supply Depot  
  15  0:52  SCV  
  15  0:57  Barracks  
  16  1:02  Refinery  
  16  1:04  SCV  
  16  1:05  Refinery  
  17  1:23  SCV  
  18  1:44  Supply Depot  
  18  1:50  Marine  
  18  1:51  Orbital Command  
  19  1:56  Factory  
  19  2:12  Marine  
  20  2:17  SCV  
  21  2:30  Marine  
  21  2:35  SCV  
  23  2:43  Factory Reactor  
  23  2:44  Starport  
  23  2:47  SCV  
  23  2:48  Marine  
  25  2:59  SCV  
  25  3:02  Supply Depot  
  26  3:20  SCV  
  26  3:23  Liberator  
  27  3:34  Factory Tech Lab  
  30  3:41  Command Center  
  30  3:43  Marine  
  30  3:44  SCV  
  32  3:55  Supply Depot  
  32  4:11  SCV  
  32  4:13  Siege Tank  
  36  4:19  Supply Depot  
  36  4:22  Supply Depot  
  39  4:24  Barracks Reactor  
  39  4:26  Liberator x2  
  36  4:43  Refinery  
  42  4:45  SCV  
  42  4:46  Starport  
  42  4:48  Refinery  
  43  5:04  SCV  
  43  5:05  Orbital Command  
  44  5:08  Marine x2  
  44  5:09  Siege Tank  
  44  5:11  Liberator  
  49  5:18  SCV  
  50  5:25  Starport Tech Lab  
  50  5:30  SCV, Marine x2  
  50  5:31  SCV  
  57  5:39  Supply Depot  
  57  5:42  SCV  
  58  5:48  Cloaking Field  
  58  5:52  Banshee  
  61  6:05  SCV x2, Supply Depot  
  61  6:06  Marine x2  
  65  6:48  Siege Tank  
  65  6:49  Banshee  
  65  6:51  Medivac x2  
  65  6:52  Marine x2  
  77  6:58  Barracks  
  77  7:12  Factory  
  77  7:14  SCV x2  
  79  7:15  Factory  
  79  7:18  Marine x2  
  81  7:26  SCV  
  81  7:28  Siege Tank  
  81  7:29  Medivac x2  
  89  7:33  SCV  
  90  7:41  SCV  
  90  7:42  Marine x2  
  93  7:49  Banshee  
  96  7:51  Barracks Tech Lab  
  96  7:58  Factory Tech Lab  
  96  7:59  Factory Tech Lab  
  96  8:00  Siege Tank  
  99  8:14  Supply Depot  
  99  8:16  Siege Tank  
  102  8:21  Supply Depot  
  102  8:31  Barracks  
  102  8:33  Supply Depot, Barracks  
  102  8:36  SCV x2, Marauder, Siege Tank, Supply Depot, Marine  
  110  8:43  Marine  
  111  8:53  Medivac x2  
  115  9:07  SCV x2  
  117  9:10  Engineering Bay  
  116  10:07  SCV  
  116  10:08  SCV  
  116  10:10  Barracks Tech Lab x2  
  116  10:12  Stimpack, Marine  
  116  10:13  Marine  
  126  10:14  Viking, Siege Tank x3  
  126  10:15  Medivac  
  126  10:16  Infernal Pre-Igniter  
  133  11:48  Marine  
  134  11:59  Marine  
  134  12:06  Command Center  
  134  12:14  SCV, Medivac  
  134  12:15  Marine  
  134  12:22  Marine  
  134  12:23  SCV, Marine  
  134  12:25  Siege Tank x2  
  134  12:26  Viking  
  28  15:28  Barracks  
  28  16:36  Barracks Tech Lab  
  28  16:39  Factory  
  28  16:47  Command Center  
  28  16:56  Orbital Command  
  28  17:47  Factory Tech Lab  
  28  17:51  SCV  
  28  17:52  Starport  
  29  17:59  Orbital Command  
  29  18:03  SCV  
  30  18:07  Siege Tank  
  30  18:11  Starport  
  33  18:15  SCV  
  34  18:27  Starport  
  34  18:28  SCV  
  34  18:29  Starport  
  35  18:37  Starport Tech Lab  
  35  18:40  SCV, Siege Tank  
  39  18:42  Supply Depot  
  39  18:52  SCV  
  39  18:54  Supply Depot  
  40  18:58  Starport Tech Lab  
  40  19:04  SCV  
  40  19:05  Raven  
  40  19:06  Supply Depot, Starport Tech Lab x2  
  40  19:08  SCV, Starport  
  44  19:14  Refinery  
  44  19:16  SCV  
  45  19:18  Supply Depot  
  45  19:20  SCV  
  46  19:28  SCV  
  47  19:36  SCV  
  48  19:40  SCV  
  48  19:42  Banshee  
  48  19:43  Banshee x2  
  58  19:47  Siege Tank  
  58  19:48  Banshee  
  64  20:02  SCV x2  
  66  20:20  Supply Depot  
  61  20:24  Refinery  
  61  20:25  Banshee  
  42  21:20  Missile Turret  
  42  21:43  Missile Turret  
  39  22:06  Missile Turret  
  36  22:25  Missile Turret  
  30  23:09  SCV  
  31  23:16  Banshee x2, Missile Turret  
  37  23:28  Starport Tech Lab  
  37  23:40  Missile Turret  
  37  23:42  Missile Turret  
  37  23:49  Marine  
  38  24:07  Marine  
  36  24:40  Raven  
  35  25:17  Banshee  
  26  25:38  SCV  
  27  25:50  SCV  
  28  26:16  Viking  
  24  28:42  Starport Tech Lab  
  24  28:59  Orbital Command  
Tags
 
Add a new tag
Caveats
  • Supply blocks, unpowered buildings, or Contaminate may cause inaccurate times.
  • Supply counts are checked every 10 seconds.